AoeStats
← Fs.Black_

MegaRandom

510204150Analyzed
4v4 RM · 2d ago on Sep 29, 2026· 38m 27s· 8 players
Game mode
Random Map
Map size
Large (8 player)
Population
200
Speed
Normal
Resources
Standard
Victory
Conquest
Starting age
Dark Age
Ending age
Imperial Age
RankedLock teamsTeams togetherTeam positionsShared explorationLock speedFull tech treeHidden civsTurbo modeCheats
Victory
Defeat
🇺🇸 Varangians · United States
1792
+13
🇨🇦 Saxons · Canada
1779
+14
🇺🇸 Khitans · United States
1713
+17
🇮🇪 Saxons · Ireland
1673
+18
🇧🇷 Persians · Brazil
1908
-23
🇺🇸 Saxons · United States
1750
-16
🇧🇷 Byzantines · Brazil
1668
-13
🇩🇪 Mongols · Germany
1584
-10
Fs.zanatta
6:02 Loom
8:11 Feudal Age
6:46 Loom
9:02 Double-Bit Axe
8:58 Horse Collar
12:56 Scale Barding Armor
15:51 Forging
21:22 Castle Age
20:41 Fletching
21:09 Gold Mining
21:50 Padded Archer Armor
22:02 Bloodlines
22:21 Bodkin Arrow
23:32 Husbandry
32:03 Wheelbarrow
32:48 Town Watch
33:58 Thumb Ring
34:49 Ballistics
37:23 Hand Cart
37:29 Stone Mining
Fs.Neras
9:01 Feudal Age
9:37 Double-Bit Axe
13:39 Forging
13:35 Scale Barding Armor
14:36 Bloodlines
17:26 Fishing Lines
20:28 Castle Age
18:41 Horse Collar
19:26 Gold Mining
21:22 Chain Barding Armor
21:21 Husbandry
29:16 Loom
40:09 Imperial Age
Fs.Comparsa Neras
10:44 Feudal Age
9:02 Loom
10:47 Feudal Age
14:57 Castle Age
15:22 Double-Bit Axe
16:13 Scale Mail Armor
16:58 Bow Saw
19:36 Chain Mail Armor
20:08 Forging
20:36 Squires
26:17 Wheelbarrow
27:42 Arson
29:19 Iron Casting
38:29 Imperial Age
37:29 Gold Mining
Fs.Black_
7:26 Loom
9:41 Feudal Age
16:35 Castle Age
15:03 Double-Bit Axe
18:07 Fletching
27:06 Horse Collar
31:36 Gold Mining
35:49 Imperial Age
33:32 Padded Archer Armor
33:45 Bow Saw
35:12 Leather Archer Armor
34:54 Bodkin Arrow
36:10 Wheelbarrow
35:21 Elite Skirmisher
36:08 Thumb Ring
36:36 Ballistics
36:30 Bracer
37:26 Ring Archer Armor
38:58 Chemistry
Zeriel
5:54 Loom
8:22 Feudal Age
9:36 Double-Bit Axe
12:08 Fletching
14:24 Padded Archer Armor
16:51 Double-Bit Axe
22:16 Castle Age
20:18 Horse Collar
22:26 Crossbowman
23:02 Bodkin Arrow
24:08 Wheelbarrow
Collllin
6:54 Loom
9:39 Feudal Age
10:08 Double-Bit Axe
14:22 Forging
16:11 Scale Barding Armor
16:15 Fishing Lines
17:27 Town Watch
18:46 Wheelbarrow
22:04 Castle Age
20:34 Domestication
22:08 Light Cavalry
23:24 Iron Casting
23:40 Chain Barding Armor
24:12 Husbandry
36:07 Hand Cart
NuclearPasta
6:43 Loom
9:37 Feudal Age
10:21 Double-Bit Axe
11:50 Fletching
18:57 Castle Age
19:00 Crossbowman
19:36 Bodkin Arrow
19:55 Bow Saw
21:25 Horse Collar
22:26 Heavy Plow
23:25 Wheelbarrow
31:22 Imperial Age
29:07 Gold Mining
29:29 Stone Mining
29:45 Padded Archer Armor
30:30 Ballistics
31:21 Thumb Ring
32:05 Bracer
33:11 Chemistry
34:07 Gold Shaft Mining
33:24 Arbalester
35:51 Leather Archer Armor
36:04 Caravan
37:13 Siege Engineers
37:11 Scale Mail Armor
37:36 Forging
37:09 Pikeman
37:50 Squires
37:36 Arson
38:51 Ring Archer Armor
39:10 Chain Mail Armor
39:17 Masonry
ilovebaskets
0:48 Loom
6:21 Loom
9:29 Feudal Age
10:30 Double-Bit Axe
12:38 Horse Collar
14:28 Scale Barding Armor
14:44 Loom
15:23 Bloodlines
20:21 Castle Age
18:58 Forging
20:39 Light Cavalry
21:32 Bow Saw
22:01 Chain Barding Armor
29:56 Iron Casting
30:39 Gold Mining
31:35 Wheelbarrow
30:46 Town Watch
31:02 Heavy Plow
36:25 Imperial Age
36:47 Husbandry
37:24 Hand Cart
37:17 Elite Varangian Guard
38:01 Scale Mail Armor
38:36 Squires
Connection lost

Rejoining the realm…

Still unreachable

The connection could not be restored.

Session expired

The server has moved on; the page needs a fresh start.